 Dungeon Sprint DCSS version 0.31.0-12-g77e489cdc1 (webtiles) character file.

Game seed: 16336769817071728773

115 Heoruswealwe the Spear-Bearer (level 4, -3/45 HPs)
             Began as a Minotaur Fighter on Feb 23, 2024.
             Was an Initiate of Gozag.
             Slain by a hornet (5 damage)
             ... in the Dungeon (Sprint IX: "|||||||||||||||||||||||||||||").
             The game lasted 00:01:05 (104 turns).

Heoruswealwe the Spear-Bearer (Minotaur Fighter)     Turns: 104, Time: 00:01:07

Health: -3/45      AC:  7    Str: 22    XL:     4   Next: 68%
Magic:  3/3        EV:  9    Int:  5    God:    Gozag
Gold:   0          SH:  4    Dex: 10    Spells: 3/3 levels left

rFire   . . .        a - +0 trident
rCold   . . .        d - +0 buckler
rNeg    . . .        c - +0 scale mail
rPois   .            (helmet restricted)
rElec   .            (no cloak)
rCorr   .            (no gloves)
SInv    .            (no boots)
Will    .....        (no amulet) Stlth
                     (no ring)
HPRegen 0.27/turn    (no ring)
MPRegen 0.08/turn

%: no teleportation
@: slowed, very slow
A: horns 2, retaliatory headbutt
a: Renounce Religion, Potion Petition, Call Merchant, Bribe Branch


You were in the Dungeon.
You worshipped Gozag.
Gozag was noncommittal.
You visited 1 branch

Inventory:

Hand Weapons
 a - a +0 trident (weapon)
Armour
 c - a +0 scale mail (worn)
 d - a +0 buckler (worn)
Jewellery
 k - a +2 ring of evasion
 l - a +3 ring of strength
Wands
 h - a wand of acid (10)
Scrolls
 j - 2 scrolls of blinking
Potions
 b - a potion of might
 e - 4 potions of curing
 f - 3 potions of heal wounds
 g - a potion of haste
 i - a potion of berserk rage


   Skills:
 + Level 6.6 Fighting
 * Level 8.3 Polearms
 + Level 6.6 Armour
 - Level 3.6 Shields


You had 3 spell levels left.
You didn't know any spells.
Your spell library was empty.

Dungeon Overview and Level Annotations

Branches:
Dungeon (1/1)

Altars:
Cheibriados
Dithmenos
Elyvilon
Fedhas
Gozag
Hepliaklqana
Kikubaaqudgha
Makhleb
Nemelex Xobeh
Okawaru
Qazlal
Ru
Sif Muna
Trog
Uskayaw
Vehumet
Wu Jian
Xom
Yredelemnul
Zin
The Shining One
Jiyva
Lugonu


Innate Abilities, Weirdness & Mutations

You have a pair of horns on your head.
You reflexively headbutt those who attack you in melee.


Message History

You feel yourself slow down.
You hit the hornet.
You headbutt the hornet, but do no damage.
The hornet is lightly wounded.
You feel yourself speed up.
You feel very sick. The hornet stings you!
You feel yourself slow down. The hornet barely misses you.
You miss the hornet.
The hornet is lightly wounded.
You feel yourself speed up.
You feel sick. The hornet stings you.
You feel yourself slow down. You block the hornet's attack.
You puncture the hornet! You headbutt the hornet!
The hornet is heavily wounded.
You feel sick. You block the hornet's attack.
The hornet stings you but does no damage.
You completely miss the hornet.
The hornet is heavily wounded.
You feel sick. The hornet stings you!
* * * LOW HITPOINT WARNING * * *
You feel as though you will be slow longer.
The hornet stings you.
* * * LOW HITPOINT WARNING * * *
You feel as though you will be slow longer.
You miss the hornet. Your headbutt misses the hornet.
The hornet is heavily wounded.
You feel sick. The hornet stings you.
* * * LOW HITPOINT WARNING * * *
You feel as though you will be slow longer.
The hornet stings you.
* * * LOW HITPOINT WARNING * * *
You feel as though you will be slow longer.
You puncture the hornet!
The hornet is severely wounded.
You feel sick.
You are no longer poisoned.
The hornet stings you.
You die...
Your body crumbles into a pile of gold. ▓▓▓▓▓▓▓▓▓▓▓▓▓▓▓▓▓▓▓▓▓▓▓▓ .WKkDYy@.[[[.)?!'_______ ▓▓▓▓▓▓▓▓▓▓▓▓▓▓▓▓▓▓▓▓▓▓▓▓

You could see a yak, a hornet, a wraith, a steam dragon, a wyvern and a kobold brigand.

Vanquished Creatures
  A scorpion (D)
  A hound (D)
  2 adders (D)
  An ufetubus (D)
  An endoplasm (D)
  2 giant cockroaches (D)
  A kobold (D)
  A ball python (D)
10 creatures vanquished.

Notes
Turn   | Place    | Note
-------+----------+-------------------------------------------
     0 | D        | Heoruswealwe the Minotaur Fighter began the quest for the
                  | Orb.
     0 | D        | Reached XP level 1. HP: 19/19 MP: 0/0
     5 | D        | Reached skill level 3 in Polearms
    19 | D        | Noticed a hound
    19 | D        | Noticed a scorpion
    24 | D        | Reached skill level 4 in Polearms
    24 | D        | Reached XP level 2. HP: 23/28 MP: 1/1
    33 | D        | Killed a scorpion
    34 | D        | Reached skill level 5 in Fighting
    34 | D        | Reached skill level 7 in Polearms
    34 | D        | Reached skill level 5 in Armour
    34 | D        | Reached XP level 3. HP: 33/37 MP: 2/2
    34 | D        | Reached XP level 4. HP: 40/44 MP: 3/3
    48 | D        | Reached skill level 8 in Polearms
    54 | D        | Found a snail-covered altar of Cheibriados.
    54 | D        | Found a shadowy altar of Dithmenos.
    54 | D        | Found a white marble altar of Elyvilon.
    54 | D        | Found a blossoming altar of Fedhas.
    54 | D        | Found an opulent altar of Gozag.
    55 | D        | Found a hazy altar of Hepliaklqana.
    56 | D        | Found a viscous altar of Jiyva.
    57 | D        | Found an ancient bone altar of Kikubaaqudgha.
    58 | D        | Found a corrupted altar of Lugonu.
    59 | D        | Found a burning altar of Makhleb.
    60 | D        | Found a sparkling altar of Nemelex Xobeh.
    61 | D        | Found an iron altar of Okawaru.
    62 | D        | Became a worshipper of Gozag Ym Sagoz the Greedy
    63 | D        | Found a stormy altar of Qazlal.
    64 | D        | Found a sacrificial altar of Ru.
    65 | D        | Found a shimmering blue altar of Sif Muna.
    66 | D        | Found a bloodstained altar of Trog.
    67 | D        | Found a hide-covered altar of Uskayaw.
    68 | D        | Found a radiant altar of Vehumet.
    69 | D        | Found an ornate altar of the Wu Jian Council.
    70 | D        | Found a shimmering altar of Xom.
    71 | D        | Found a basalt altar of Yredelemnul.
    72 | D        | Found a glowing silver altar of Zin.
    73 | D        | Found a glowing golden altar of the Shining One.
    98 | D        | Noticed a wraith
    98 | D        | Noticed a kobold brigand
    98 | D        | Noticed a wyvern
    98 | D        | Noticed a steam dragon
    98 | D        | Noticed a yak
    98 | D        | Noticed a hornet
   104 | D        | HP: 2/45 [poisoned by a hornet]
   104 | D        | Slain by a hornet

Illustrated notes

Levels and vault maps discovered:
D:        linesprint [early_d, line_temple, items_1, d_10, items_2, lair_1,
          lair_end, items_3, orc_1, orc_end, items_4, d_15, swamp_1, shoals_1,
          snake_1, spider_1, d_20, vaults_1, items_5, swamp_end, shoals_end,
          snake_end, spider_end, vaults_end, d_27, items_6, zot_1, zot_end,
          crypt_end, forest_end, elf_end, slime_end, tomb_end, abyss_end,
          pan_hell_end]

Skill      XL: |  1  2  3  4 |
---------------+-------------+-----
Polearms       | 4 7 8 |  8.3
Fighting       | 4 5 6 |  6.6
Armour         | 4 5 6 |  6.6
Shields        | |  3.6

Action                     |  1- 3 |  4- 6 || total
---------------------------+-------+-------++-------
  Melee: Trident           |    22 |    20 ||    42
         Headbutt          |     4 |     4 ||     8
    Use: Potion            |     1 |       ||     1
 Armour: Scale mail        |    10 |    18 ||    28
  Dodge: Dodged            |    15 |     5 ||    20
  Block: Buckler           |     9 |     5 ||    14
